 Dungeon Crawl Stone Soup version 0.24.0-13-gcf9b319 (webtiles) character file.

Game seed: 4491082389763995488, levelgen mode: deterministic

346 Fortress the Conjurer (level 6, -2/45 HPs)
             Began as a Draconian Conjurer on Jan 8, 2020.
             Slain by a yak (6 damage)
             ... on level 4 of the Dungeon.
             The game lasted 00:14:26 (4061 turns).

Fortress the Conjurer (Draconian Conjurer)          Turns: 4061, Time: 00:14:27

Health: -2/45      AC:  6    Str: 11    XL:     6   Next: 32%
Magic:  4/11       EV: 12    Int: 17    God:
Gold:   183        SH:  0    Dex: 11    Spells: 11/12 levels left

rFire    . . .     SeeInvis .   e - +4 dagger (elec)
rCold    . . .     Gourm    .   (no shield)
rNeg     . . .     Faith    .   (armour unavailable)
rPois    .         Spirit   .   (helmet restricted)
rElec    .         Reflect  .   (no cloak)
rCorr    .         Harm     .   (no gloves)
MR       .....                  (no boots)
Stlth    ++........             (no amulet)
HPRegen  0.15/turn              (no ring)
MPRegen  0.12/turn              (no ring)

@: no status effects
A: unfitting armour, cold-blooded, AC +6
a: no special abilities


You were on level 4 of the Dungeon.
You were not hungry.

You visited 1 branch of the dungeon, and saw 5 of its levels.

You collected 183 gold pieces.

Inventory:

Hand Weapons
 e - a +4 dagger of electrocution (weapon)
Jewellery
 d - a +1 ring of protection {unknown}
Scrolls
 a - 2 scrolls of remove curse {unknown}
 c - a scroll of teleportation
 h - a scroll of identify
 n - a scroll of enchant weapon
Potions
 f - a potion of mutation
 g - a potion of resistance {unknown}
 i - 3 potions of curing
 j - a potion of magic {unknown}
 k - a potion of heal wounds {unknown}
 l - a potion of invisibility {unknown}
 m - a potion of might {unknown}
 o - a potion of berserk rage {unknown}
Comestibles
 b - 6 rations


   Skills:
 - Level 0.1 Short Blades
 - Level 2.0 Dodging
 - Level 2.0 Stealth
 + Level 3.5 Spellcasting
 + Level 6.7 Conjurations


You had 11 spell levels left.
You knew the following spells:

 Your Spells              Type           Power        Failure   Level  Hunger
a - Magic Dart            Conj           ####         1%          1    None

Your spell library contained the following spells:

 Spells                   Type           Power        Failure   Level  Hunger
 Searing Ray              Conj           ####..       1%          2    ##.....
 Iskenderun's Mystic Bla  Conj           ####....     11%         4    ####...
 Dazzling Spray           Conj/Hex       ##....       12%         3    ###....
 Force Lance              Conj/Tloc      ##......     38%         4    ####...
 Fulminant Prism          Conj/Hex       ##........   38%         4    ####...


Dungeon Overview and Level Annotations

Branches:
Dungeon (5/15)
 Temple: D:4-7

Altars:
Cheibriados
Hepliaklqana
Kikubaaqudgha
Okawaru
Qazlal
Trog
Zin
The Shining One


Innate Abilities, Weirdness & Mutations

Your plain brown scales are hard. (AC +6)
You cannot fit into any form of body armour.
You are cold-blooded and may be slowed by cold attacks.


Message History

The yak closely misses you.
Casting: Magic Dart (safe; 1% risk of failure)
Confirm with . or Enter, or press ? or * to list all spells.
Aiming: Magic Dart (safe; 1% risk of failure)
Press: ? - help, Shift-Dir - straight line, f/p - yak
Aim: a yak (lightly wounded)
The magic dart hits the yak.
The yak is moderately wounded.
The yak gores you!
Casting: Magic Dart (safe; 1% risk of failure)
Confirm with . or Enter, or press ? or * to list all spells.
Aiming: Magic Dart (safe; 1% risk of failure)
Press: ? - help, Shift-Dir - straight line, f/p - yak
Aim: a yak (moderately wounded)
The magic dart hits the yak but does no damage.
The yak is moderately wounded.
The yak gores you!
* * * LOW HITPOINT WARNING * * *
The yak gores you.
You die...

##### ##...##
##<....####
#######.......... #
##............#### ###
###. ##...####.#....#
.. .....
#........#.....#
.###..
###...#.Y@.####.####.#
...Y.. ........#.##
#.# .# ...Y..
.###.###...####.# # .#
#.............# .#
#..###...####.# .#
#..# ##.#####.#
.####.## #..# #.#
#...# .......# #..#
#.# #.#.# .####..#
#..####.# #.#.# ###


You could see a yak.

Vanquished Creatures
  A phantom (D:4)
  A crimson imp (D:5)
  Natasha (twice) (D:2)
  A worker ant (D:4)
  A hound skeleton (D:4)
  7 adders
  4 dart slugs
  A leopard gecko (D:1)
  5 orcs (D:3)
  2 giant cockroaches
  7 goblins
  3 hobgoblins
  8 jackals (D:3)
  2 quokkas
  8 bats
  A frilled lizard (D:3)
  7 kobolds
  8 rats
69 creatures vanquished.

Notes
Turn   | Place    | Note
-------+----------+-------------------------------------------
     0 | D:1      | Fortress the Draconian Conjurer began the quest for the
                  | Orb.
     0 | D:1      | Reached XP level 1. HP: 14/14 MP: 3/3
   109 | D:1      | Reached XP level 2. HP: 20/20 MP: 5/5
  1186 | D:2      | Reached XP level 3. HP: 22/26 MP: 2/6
  1442 | D:2      | Noticed Natasha
  1447 | D:2      | Killed Natasha
  1447 | D:2      | Reached skill level 5 in Conjurations
  1531 | D:2      | Reached XP level 4. HP: 33/33 MP: 7/7
  1881 | D:2      | Noticed Natasha
  1889 | D:2      | Killed Natasha
  1991 | D:2      | Found a hazy altar of Hepliaklqana.
  1995 | D:2      | Found a stormy altar of Qazlal.
  1998 | D:2      | Found an iron altar of Okawaru.
  2222 | D:3      | You fall into a shaft and drop 2 floors!
  2222 | D:5      | Entered Level 5 of the Dungeon
  2252 | D:5      | Reached XP level 5. HP: 38/38 MP: 0/9
  2458 | D:4      | Noticed a phantom
  2497 | D:4      | Killed a phantom
  2497 | D:4      | Reached skill level 6 in Conjurations
  2748 | D:4      | Reached XP level 6. HP: 44/45 MP: 9/11
  2850 | D:4      | Noticed a yak
  2850 | D:4      | Noticed a yak
  2850 | D:4      | Noticed a yak
  2850 | D:4      | Noticed a yak
  2856 | D:4      | Noticed a yak
  3028 | D:4      | Noticed an ice beast
  3415 | D:3      | Found an ancient bone altar of Kikubaaqudgha.
  3527 | D:3      | Found a snail-covered altar of Cheibriados.
  3949 | D:3      | Found a bloodstained altar of Trog.
  3954 | D:3      | Found a glowing golden altar of the Shining One.
  3959 | D:3      | Found a glowing silver altar of Zin.
  4047 | D:4      | Noticed a yak
  4061 | D:4      | Slain by a yak

Levels and vault maps discovered:
D:1:      dpeg_arrival_round_c, layout_loops_corners
D:2:      layout_loops_ring, grunt_temple_overflow_diamond, first_ration,
          uniq_natasha
D:3:      layout_loops_ring, kennysheep_slug_shrine, kiku_gazebo_pond_becter,
          minmay_overflow_temple_star_quad, kennysheep_nondescript
D:4:      layout_loops_ring, minmay_manual_mullet
D:5:      layout_loops_corners, minmay_temple_entry_drinking_statues,
          uniq_grinder

Skill      XL: |  1  2  3  4  5 |
---------------+----------------+-----
Stealth        | 2 |  2.0
Dodging        | 2 |  2.0
Conjurations   | 5 6 |  6.7
Spellcasting   | 3 |  3.5
Short Blades   | |  0.1

Action                   |  1- 3 |  4- 6 || total
-------------------------+-------+-------++-------
Melee: Dagger            |    55 |    33 ||    88
       Short sword       |     3 |       ||     3
       Tailslap          |     2 |     2 ||     4
 Cast: Magic Dart        |    14 |    91 ||   105
  Use: Scroll            |       |     8 ||     8
 Stab: Sleeping          |     2 |       ||     2
  Eat: Chunk             |     2 |     6 ||     8
       Ration            |       |     1 ||     1
Armor: Skin              |    34 |    16 ||    50
Dodge: Dodged            |    43 |    26 ||    69
